 Dungeon Crawl Stone Soup version 0.31.0-9-g3a7656b989 (webtiles) character file.

Game seed: 11862155098905903137

27 qw the Shooter (level 2, -5/16 HPs)
             Began as a Deep Elf Hunter on Feb 2, 2024.
             Slain by Terence
             ... wielding a +0 falchion
              (10 damage)
             ... on level 2 of the Dungeon.
             The game lasted 00:00:02 (900 turns).

qw the Shooter (Deep Elf Hunter)                     Turns: 900, Time: 00:00:03

Health: -5/16      AC:  3    Str:  8    XL:     2   Next: 93%
Magic:  4/4        EV: 12    Int: 13    God:
Gold:   46         SH:  0    Dex: 18    Spells: 1/1 levels left

rFire   . . .        a - +1 shortbow
rCold   . . .        (shield currently unavailable)
rNeg    . . .        c - +0 leather armour
rPois   .            (no helmet)
rElec   .            (no cloak)
rCorr   .            (no gloves)
SInv    .            (no boots)
Will    +....        (no amulet)
Stlth   ++           i - ring of willpower
HPRegen 0.22/turn    (no ring)
MPRegen 0.09/turn

%: no passive effects
@: no status effects
A: no striking features
a: no special abilities


You were on level 2 of the Dungeon.
You visited 1 branch of the dungeon, and saw 2 of its levels.

You collected 46 gold pieces.


   Skills:
 - Level 1.5 Fighting
 + Level 6.6 Ranged Weapons
 - Level 2.4 Dodging
 - Level 1.2 Stealth


You had one spell level left.
You didn't know any spells.
Your spell library was empty.

Inventory:

Hand Weapons
 a - a +1 shortbow (weapon)
Armour
 b - a +0 scale mail
 c - a +0 leather armour (worn)
Jewellery
 i - a ring of willpower (left hand)
Potions
 d - a potion of cancellation

Dungeon Overview and Level Annotations

Branches:
Dungeon (2/15)

Altars:

Annotations:
D:2 Terence


Message History

813 ||| DROPPING scroll of fog.
You drop a scroll of fog.
Done exploring.
What level of the Dungeon? (default 1, ? - help)
There is a stone staircase leading down here.
You climb downwards.
Found a stone staircase leading up.
There is a stone staircase leading up here.
Waypoint 1 assigned to D:2.
A goblin comes into view. It is wielding a +0 dagger.
You shoot an arrow. The arrow hits the goblin!
You kill the goblin!
b - a +0 scale mail
Found a stone staircase leading down.
A bat comes into view.
You shoot an arrow. The arrow hits the bat.
The bat is heavily wounded.
You shoot an arrow. The arrow barely misses the bat.
The bat hits you.
You shoot an arrow. The arrow hits the bat.
You kill the bat!
You start resting.
HP restored.
You see here a bat corpse.
You now have 46 gold pieces (gained 7).
Terence the Incautious comes into view.
He is wielding a +0 falchion and wearing a +0 scale mail of cold resistance.
You shoot an arrow.
The arrow hits Terence but does no damage.
Terence shouts!
You shoot an arrow. The arrow hits Terence.
Terence is lightly wounded.
Terence hits you with a +0 falchion.
You shoot an arrow. The arrow barely misses Terence.
Terence hits you with a +0 falchion.
You shoot an arrow.
The arrow hits Terence but does no damage.
Terence is lightly wounded.
Terence barely misses you. Terence hits you with a +0 falchion!
Ouch! That really hurt!
You die...
Terence says, "Time to find some more victims."

##.#..##.#..##.#.##
...##....##.%..##.#
#.#..##.#..##.#...### .#
.##..#.##..#.##.....###...#
. #.####..###.#####.....# .
#.# #..# #...#...###...# .
#.# #..#####.#.### .# . ..#
#..........# . ...
.........@## ..##
########.@...... #########


You could see Terence.

Vanquished Creatures
  2 dart slugs (D:1)
  4 bats
  An endoplasm (D:1)
  A giant cockroach (D:1)
  4 goblins
  2 hobgoblins (D:1)
  2 kobolds (D:1)
  2 frilled lizards (D:1)
  3 rats (D:1)
21 creatures vanquished.

Notes
Turn   | Place    | Note
-------+----------+-------------------------------------------
     0 | D:1      | qw the Deep Elf Hunter began the quest for the Orb.
     0 | D:1      | Reached XP level 1. HP: 12/12 MP: 3/3
     0 | D:1      | 0 ||| qw: Version: 0.3-a-155-g5e7d8dd
     0 | D:1      | 0 ||| qw: Game counter: 1429
     0 | D:1      | 0 ||| qw: Melee chars always use a shield: true
     0 | D:1      | 0 ||| qw: God list: Okawaru
     0 | D:1      | 0 ||| qw: Allow faded altars: false
     0 | D:1      | 0 ||| qw: Do Orc after clearing Dungeon:15 true
     0 | D:1      | 0 ||| qw: Do second Lair branch before Depths: true
     0 | D:1      | 0 ||| qw: Lair rune preference: random
     0 | D:1      | 0 ||| qw: Goals: Normal
     0 | D:1      | 0 ||| PLANNING D:1-11
    39 | D:1      | Found a faded altar of an unknown god.
   148 | D:1      | Reached XP level 2. HP: 16/16 MP: 4/4
   219 | D:1      | Reached skill level 6 in Ranged Weapons
   804 | D:1      | 804 ||| UPGRADING to ring of willpower.
   805 | D:1      | 805 ||| READING scroll labelled CYHEIC UCHI.
   808 | D:1      | 808 ||| READING scroll labelled NIAL MUDOZIT.
   809 | D:1      | 809 ||| READING 2 scrolls labelled SUSEMI ZISOL.
   809 | D:1      | 809 ||| IDENTIFYING fizzy blue potion
   810 | D:1      | 810 ||| READING scroll of identify.
   810 | D:1      | 810 ||| IDENTIFYING scroll labelled JOTSEI HEARO WOEN
   811 | D:1      | 811 ||| READING scroll labelled ASIOLA COIFA.
   811 | D:1      | 811 ||| ENCHANTING +0 shortbow.
   812 | D:1      | 812 ||| DROPPING scroll of butterflies.
   813 | D:1      | 813 ||| DROPPING scroll of fog.
   896 | D:2      | Noticed Terence
   900 | D:2      | Slain by Terence

Levels and vault maps discovered:
D:1:      dpeg_arrival_stonehenge_12_columns, layout_basic,
          shapermc_ecumenical_altar_ellora, grunt_decor_clamped
D:2:      cheibrodos_old_hovel, layout_loops_ring, basic_altar, st_stairs_14,
          nicolae_eternal_life, uniq_terence

Skill      XL: |  1  2 |
---------------+-------+-----
Ranged Weapons | 6 |  6.6
Fighting       | |  1.5
Dodging        | |  2.4
Stealth        | |  1.2

Action                     || total
---------------------------++-------
   Fire: Shortbow          ||    45
    Use: Scroll            ||     5
 Armour: Leather armour    ||     6
  Dodge: Dodged            ||     5

Table legend:
 A = Non-vault XP
 B = Vault XP
 C = Vault XP percentage of total XP
 D = Non-vault monster count
 E = Vault monster count
 F = Vault count percentage of total count
                 A         B        C        D         E       F
            +---------+---------+-------+---------+---------+-------
      Total |      39 |       0 |   0.0 |      21 |       0 |   0.0
            +---------+---------+-------+---------+---------+-------
        D:1 |      35 |       0 |   0.0 |      19 |       0 |   0.0
        D:2 |       4 |       0 |   0.0 |       2 |       0 |   0.0
            +---------+---------+-------+---------+---------+-------
